 Dungeon Crawl Stone Soup version 0.31-a0-981-geadf994542 (webtiles) character file.

Game seed: 2094743293368238198

9 olourkin the Magician (level 2, 0/22 HPs)
             Began as a Djinni Hedge Wizard on Oct 31, 2023.
             Slain by a kobold
             ... wielding a +0 dagger
              (3 damage)
             ... on level 1 of the Dungeon.
             The game lasted 00:02:58 (84 turns).

olourkin the Magician (Djinni Hedge Wizard)           Turns: 84, Time: 00:02:58

Health: 0/22       AC:  2    Str:  9    XL:     2   Next: 20%
Gold:   0          EV: 12    Int: 15    God:
                   SH:  0    Dex: 12

rFire   + + .        a - +0 dagger
rCold   x . .        (no shield)
rNeg    . . .        b - +0 robe
rPois   ∞            c - +0 hat
rElec   .            (no cloak)
rCorr   .            (no gloves)
SInv    .            (boots unavailable)
Will    .....        (no amulet)
Stlth   ++           (no ring)
HPRegen 0.23/turn    (no ring)
MPRegen 0.00/turn

%: infuse magic (-1 HP)
@: flying
A: sickness immunity, fire resistance 2, cold vulnerability 1, float, innate
caster, HP casting, extra vitality 1
a: no special abilities


You were on level 1 of the Dungeon.
You visited 1 branch of the dungeon, and saw 1 of its levels.

Inventory:

Hand Weapons
 a - a +0 dagger (weapon)
Armour
 b - a +0 robe (worn)
 c - a +0 hat (worn)


   Skills:
 + Level 0.7 Fighting
 - Level 2.1 Dodging
 - Level 1.5 Stealth
 * Level 3.1 Spellcasting
 * Level 3.1 Conjurations
 * Level 3.1 Hexes
   Level 0.0 Charms
 * Level 3.1 Summonings
 * Level 3.1 Necromancy
 * Level 3.1 Translocations
 * Level 3.1 Transmutations
 * Level 3.1 Fire Magic
 * Level 3.1 Ice Magic
 * Level 3.1 Air Magic
 * Level 3.1 Earth Magic
 * Level 3.1 Poison Magic


You knew the following spells:

 Your Spells              Type           Power      Damage    Failure   Level
a - Magic Dart            Conj           44%        1d5       5%          1
b - Blink                 Tloc           22%        N/A       9%          2
c - Mephitic Cloud        Conj/Pois/Air  11%        N/A       17%         3
x - Slow                  Hex            44%        N/A       5%          1
y - Call Imp              Summ           22%        N/A       9%          2
Your spell library was empty.

Dungeon Overview and Level Annotations

Branches:
Dungeon (1/15)

Altars:


Innate Abilities, Weirdness & Mutations

You are immune to sickness and miasma.
You are immune to poison.
Your flesh is very heat resistant. (rF++)
You are vulnerable to cold. (rC-)
You float through the air rather than walking.
You learn spells naturally, not from books.
Your magical power is your life essence.
You have superior vitality. (+4 MHP)


Message History

You kill the quokka!
You have reached level 2!
You hit the jackal but do no damage. Your punch misses the jackal.
The jackal closely misses you. The jackal barely misses you.
You hit the jackal.
The jackal is heavily wounded.
The jackal closely misses you.
You barely miss the jackal.
The jackal is heavily wounded.
The jackal closely misses you. The jackal bites you.
* * * LOW HITPOINT WARNING * * *
You closely miss the jackal.
The jackal is heavily wounded.
The jackal closely misses you.
You hit the jackal.
You kill the jackal!
You hit the jackal but do no damage. The jackal misses you.
The jackal closely misses you.
You closely miss the jackal. The jackal bites you.
* * * LOW HITPOINT WARNING * * *
You hit the jackal.
The jackal is severely wounded.
The jackal bites you but does no damage. x2
You closely miss the jackal.
The jackal is heavily wounded.
The jackal barely misses you.
You completely miss the jackal.
The jackal is heavily wounded.
The jackal misses you.
You barely miss the jackal.
The jackal is heavily wounded.
The jackal barely misses you. x2
You barely miss the jackal.
The jackal is heavily wounded.
The jackal bites you.
* * * LOW HITPOINT WARNING * * *
You hit the jackal.
You kill the jackal!
You hit the kobold but do no damage. The kobold hits you with a +0 dagger.
You die...

######### #.......#
#.......# ........# #
........# .#
##########8.## ###.#.#.
.............#####.......
####...##8....@Kg.#
#.....##.#####..#
##.<.###.# ##.###
#.....##.# ##..#
##...##8.# #..### ......
... #....# ########8..
##.#..# #.. #†##..# #g#
#.#


You could see a hobgoblin and a kobold.

Vanquished Creatures
  A ball python (D:1)
  4 jackals (D:1)
  A quokka (D:1)
  A bat (D:1)
7 creatures vanquished.

Notes
Turn   | Place    | Note
-------+----------+-------------------------------------------
     0 | D:1      | olourkin the Djinni Hedge Wizard began the quest for the
                  | Orb.
     0 | D:1      | olourkin set off with the following spells memorised: Magic
                  | Dart, Slow, Blink, Call Imp, Mephitic Cloud.
     0 | D:1      | Reached XP level 1. HP: 15/15 MP: 0/0
    71 | D:1      | Reached XP level 2. HP: 4/22 MP: 0/0
    84 | D:1      | Slain by a kobold

Illustrated notes

Levels and vault maps discovered:
D:1:      psy_arrival_basics, layout_rooms, minmay_misc_feat_hallway

Skill      XL: |  1 |
---------------+----+-----
Spellcasting   | 3 |  3.1
Conjurations   | 3 |  3.1
Hexes          | 3 |  3.1
Summonings     | 3 |  3.1
Necromancy     | 3 |  3.1
Translocations | 3 |  3.1
Transmutations | 3 |  3.1
Fire Magic     | 3 |  3.1
Ice Magic      | 3 |  3.1
Air Magic      | 3 |  3.1
Earth Magic    | 3 |  3.1
Poison Magic   | 3 |  3.1
Fighting       | |  0.7
Dodging        | |  2.1
Stealth        | |  1.5

Action                     || total
---------------------------++-------
  Melee: Dagger            ||    49
   Cast: Magic Dart        ||     4
 Armour: Robe              ||    25
  Dodge: Dodged            ||    39

Table legend: (Time is in decaauts)
 A = Elapsed time spent in this place.
 B = Non-inter-level travel time spent in this place.
 C = Inter-level travel time spent in this place.
 D = Time resting spent in this place.
 E = Time spent auto-exploring this place.
 F = Levels seen in this place.
 G = Mean time per level.
                   A        B        C        D        E       F      G
               +--------+--------+--------+--------+--------+-----+--------+
         Total |     84 |     84 |      0 |      4 |     15 |   1 |   84.0 |
       Dungeon |     84 |     84 |      0 |      4 |     15 |   1 |   84.0 |
               +--------+--------+--------+--------+--------+-----+--------+

Top non-repeatable levels by time:
     D:1: 84 daAuts
